Map: Ascensão para Aiur LE

Players

TheZergLord - Winner!

  • Race: Zerg Zerg
  • League: Grandmaster
  • Spawn Location: 11:00

DakkoN

  • Race: Zerg Zerg
  • League: Grandmaster
  • Spawn Location: 5:00

VOD

Have the link to the VOD?

Description

Time

  • Played on: Nov. 3, 2017, 11:02 a.m.
  • Length: 13:40
Show
View Real Time Build Order
Export as new Build Order

TheZergLord Zerg - Winner!

Build Orders: Hatch First 

Get SALT Encoding   

  12  0:00  Drone  
  13  0:13  Overlord  
  13  0:16  Drone  
  14  0:33  Drone x2  
  14  0:35  Drone  
  17  0:52  Hatchery  
  17  0:55  Drone  
  17  0:58  Drone  
  18  1:09  Extractor  
  17  1:13  Spawning Pool  
  17  1:16  Drone  
  17  1:19  Drone  
  18  1:28  Drone  
  19  1:39  Overlord  
  19  1:59  Queen  
  19  2:01  Zergling x4  
  23  2:05  Queen  
  23  2:06  Spine Crawler  
  24  2:08  Metabolic Boost  
  24  2:12  Zergling x2  
  25  2:17  Zergling x2  
  25  2:18  Zergling x2  
  27  2:24  Zergling x2  
  27  2:27  Zergling x2  
  29  2:37  Queen  
  29  2:39  Zergling x2  
  32  2:53  Zergling x4  
  32  2:54  Zergling x2  
  35  3:09  Baneling Nest, Queen  
  29  3:23  Zergling x2  
  29  3:24  Zergling x10  
  29  3:35  Zergling x4  
  28  3:52  Drone x3  
  28  3:54  Baneling  
  31  3:57  Baneling  
  31  4:02  Drone x2  
  33  4:06  Drone  
  34  4:16  Drone x2  
  36  4:19  Baneling  
  36  4:22  Baneling  
  32  4:50  Drone x4  
  35  4:58  Drone x2  
  35  4:59  Overlord  
  35  5:00  Overlord  
  35  5:12  Hatchery  
  34  5:16  Roach Warren  
  34  5:19  Zergling x6  
  34  5:20  Zergling x6  
  39  5:26  Overlord  
  39  5:35  Overlord  
  39  5:36  Drone  
  39  5:37  Drone x3  
  42  5:43  Drone x2  
  44  5:50  Overlord, Drone  
  44  5:51  Drone x2  
  44  5:56  Evolution Chamber  
  46  5:59  Baneling  
  46  6:00  Baneling  
  46  6:01  Drone x2  
  47  6:06  Extractor  
  47  6:07  Extractor  
  47  6:09  Drone x4  
  49  6:15  Lair  
  49  6:34  Drone x2  
  49  6:38  Zerg Missile Weapons Level 1  
  51  6:40  Drone x2  
  51  6:41  Drone x7  
  51  6:42  Queen  
  61  6:50  Spore Crawler  
  61  6:51  Spore Crawler  
  58  6:54  Roach  
  58  6:55  Roach  
  62  7:01  Queen  
  62  7:04  Spore Crawler  
  63  7:11  Roach x3  
  63  7:15  Glial Reconstitution  
  69  7:23  Overlord  
  69  7:26  Infestation Pit  
  68  7:31  Spore Crawler  
  67  7:41  Overlord x2  
  67  7:42  Overlord x2  
  67  7:48  Burrow  
  67  7:51  Overlord x3  
  67  7:59  Queen x2  
  67  8:04  Infestor x2  
  75  8:08  Drone x4  
  75  8:09  Drone x3  
  82  8:13  Drone x3  
  82  8:14  Drone  
  82  8:18  Overseer, Extractor  
  85  8:21  Drone x2  
  85  8:26  Drone  
  88  8:30  Extractor  
  88  8:31  Extractor  
  88  8:32  Drone x2  
  87  8:36  Infestor x2  
  87  8:42  Roach  
  87  8:43  Roach x2  
  87  8:46  Drone  
  87  8:48  Hydralisk Den  
  93  8:51  Drone  
  94  8:58  Zerg Missile Weapons Level 2  
  94  9:01  Roach  
  94  9:02  Roach  
  98  9:16  Roach x4  
  106  9:19  Overlord x3, Muscular Augments  
  106  9:26  Overlord x3  
  105  9:43  Hydralisk x7  
  105  9:44  Hatchery  
  118  9:47  Hydralisk  
  120  9:56  Hydralisk x3  
  120  9:59  Queen  
  126  10:00  Hydralisk  
  130  10:14  Hydralisk x3  
  130  10:15  Hydralisk x3  
  130  10:16  Hydralisk  
  144  10:23  Roach  
  144  10:26  Roach  
  144  10:27  Roach  
  150  10:31  Lurker Den  
  150  10:32  Overseer  
  150  10:40  Drone  
  150  10:41  Drone x2  
  150  10:42  Overlord x2  
  153  10:55  Unknown  
  153  10:56  Overlord x3  
  153  11:02  Unknown  
  153  11:06  Roach x6  
  153  11:07  Roach x2  
  169  11:15  Zerg Ground Armor Level 1  
  167  11:26  Roach x3  
  167  11:27  Roach x7  
  167  11:28  Roach x2  
  167  11:31  Overlord  
  145  11:56  Hydralisk  
  145  11:57  Hydralisk x10  
  145  11:58  Hydralisk  
  141  12:24  Hydralisk  
  141  12:25  Hydralisk x9  
  141  12:27  Queen  
  161  12:33  Lurker x2  
  161  12:34  Lurker  
  161  12:36  Hydralisk x2  
  166  12:38  Hydralisk  
  170  12:46  Roach x3  
  170  12:47  Roach  
  178  13:04  Hydralisk x6  
  182  13:13  Unknown  
  182  13:17  Roach x3  
  182  13:18  Roach x3  
Show
View Real Time Build Order
Export as new Build Order

DakkoN Zerg 

Build Orders: Pool First, Muta Ling Bane, Zergling Baneling 

Get SALT Encoding   

  12  0:00  Drone  
  13  0:11  Drone  
  14  0:20  Extractor  
  14  0:21  Drone  
  14  0:33  Spawning Pool  
  13  0:37  Drone  
  14  0:45  Overlord  
  14  1:19  Zergling x6  
  14  1:21  Metabolic Boost  
  14  1:23  Queen  
  19  1:30  Zergling x2  
  20  1:48  Zergling x2  
  21  1:59  Zergling x2  
  22  2:02  Baneling Nest  
  22  2:03  Zergling x2  
  22  2:13  Overlord  
  22  2:32  Zergling x6  
  22  2:33  Zergling x2  
  26  2:39  Drone  
  27  2:51  Baneling x2  
  27  2:52  Baneling x2  
  27  2:56  Drone  
  28  3:00  Drone  
  29  3:07  Baneling  
  21  3:37  Drone x3  
  22  3:48  Zergling x2  
  22  3:49  Evolution Chamber  
  22  3:50  Hatchery  
  22  3:52  Zergling x2  
  22  3:55  Lair  
  21  4:00  Extractor  
  21  4:10  Baneling  
  21  4:11  Baneling  
  21  4:12  Drone x2  
  21  4:13  Drone x2  
  26  4:24  Drone  
  26  4:41  Baneling  
  25  4:48  Zergling x8  
  28  4:54  Queen  
  28  4:55  Spire  
  27  5:04  Spine Crawler  
  27  5:07  Drone x2  
  27  5:13  Baneling x2  
  28  5:16  Drone  
  28  5:17  Drone  
  31  5:21  Drone  
  31  5:36  Drone x4  
  34  5:52  Overlord  
  34  5:54  Overlord  
  33  6:09  Mutalisk  
  33  6:10  Mutalisk x2  
  39  6:13  Queen  
  39  6:14  Extractor  
  39  6:15  Extractor  
  38  6:32  Mutalisk  
  38  6:33  Mutalisk  
  42  6:48  Mutalisk  
  42  6:50  Drone x4  
  48  6:56  Drone  
  48  6:57  Drone  
  50  7:01  Zerg Flyer Weapons Level 1  
  50  7:08  Drone  
  51  7:09  Overlord  
  51  7:22  Overlord  
  51  7:30  Hatchery  
  51  7:35  Drone  
  51  7:36  Drone x4  
  55  7:42  Evolution Chamber  
  54  7:49  Baneling x2  
  54  7:59  Mutalisk  
  54  8:00  Mutalisk x2  
  60  8:11  Overlord  
  60  8:14  Overlord  
  60  8:15  Drone x5  
  60  8:19  Zerg Melee Weapons Level 1  
  65  8:32  Mutalisk x3  
  71  8:38  Overseer  
  71  8:41  Unknown  
  71  8:44  Drone x5  
  76  9:01  Drone x7  
  76  9:02  Extractor  
  82  9:16  Zerg Flyer Weapons Level 2  
  82  9:19  Drone  
  82  9:23  Evolution Chamber  
  82  9:33  Mutalisk x3  
  82  9:38  Infestation Pit  
  87  9:41  Extractor  
  87  9:43  Overlord x2  
  87  9:44  Overlord  
  86  9:46  Centrifical Hooks  
  86  9:55  Queen  
  86  9:57  Drone  
  89  10:02  Zerg Ground Armor Level 1  
  89  10:05  Drone x5  
  94  10:08  Drone x2  
  96  10:14  Hive  
  96  10:18  Pneumatized Carapace  
  96  10:19  Mutalisk x3  
  96  10:20  Mutalisk  
  104  10:32  Zerg Melee Weapons Level 2  
  104  10:39  Overlord x2  
  104  10:50  Zergling x2  
  104  10:52  Overlord x2  
  105  11:02  Mutalisk x6  
  117  11:06  Zergling x2  
  117  11:07  Zergling x6  
  121  11:18  Baneling x2  
  120  11:25  Zergling x2  
  120  11:26  Zergling x10  
  120  11:29  Baneling x7  
  124  11:40  Hatchery  
  81  11:58  Mutalisk  
  81  11:59  Mutalisk x4  
  76  12:01  Zergling x2  
  71  12:15  Mutalisk  
  68  12:18  Zergling x2  
  69  12:35  Hatchery  
  68  12:51  Mutalisk x3  
  68  12:54  Zergling x12  
  80  13:07  Baneling x4  
  80  13:17  Baneling  
  80  13:18  Baneling x5  
  80  13:20  Zergling x14  
Tags
 
Add a new tag
Caveats
  • Supply blocks, unpowered buildings, or Contaminate may cause inaccurate times.
  • Supply counts are checked every 10 seconds.